AoeStats
← Cordoba

Arabia

509920050Analyzed
1v1 RM · 3d ago on Sep 28, 2026· 56m 13s· 2 players
Game mode
Random Map
Map size
Tiny (2 player)
Population
200
Speed
Normal
Resources
Standard
Victory
Conquest
Starting age
Dark Age
Ending age
Imperial Age
RankedLock teamsTeams togetherTeam positionsShared explorationLock speedFull tech treeHidden civsTurbo modeCheats
Victory
Defeat
🇦🇷 Spanish · Argentina
1204
+16
🇺🇾 Sicilians · Uruguay
1210
-16
Cordoba
8:31 Loom
13:22 Feudal Age
18:01 Castle Age
16:41 Double-Bit Axe
16:52 Stone Mining
17:21 Horse Collar
17:58 Gold Mining
18:23 Padded Archer Armor
20:18 Leather Archer Armor
28:43 Fletching
32:51 Heavy Plow
37:36 Imperial Age
34:56 Town Watch
36:17 Wheelbarrow
36:15 Ballistics
35:56 Murder Holes
37:46 Bodkin Arrow
40:24 Bracer
47:45 Bloodlines
47:35 Husbandry
49:20 Light Cavalry
50:43 Scale Barding Armor
51:01 Conscription
51:28 Forging
52:19 Chain Barding Armor
55:27 Hussar
57:22 Plate Barding Armor
Guyunusa
7:35 Loom
10:12 Feudal Age
10:46 Double-Bit Axe
17:08 Fletching
17:19 Scale Mail Armor
17:27 Horse Collar
24:32 Castle Age
23:16 Stone Mining
25:20 Bodkin Arrow
26:21 Bow Saw
33:18 Elite Skirmisher
35:08 Padded Archer Armor
53:02 Imperial Age
53:51 Cavalier
54:32 Husbandry
54:43 Bloodlines
56:48 Forging
56:44 Scale Barding Armor
Connection lost

Rejoining the realm…

Still unreachable

The connection could not be restored.

Session expired

The server has moved on; the page needs a fresh start.